 Dungeon Crawl Stone Soup version 0.25-a0-1024-gbfbf38f2cb (webtiles) character file.

Game seed: 4102540791851410837, levelgen mode: classic

91 Amnesiac the Twirler (level 4, 0/26 HPs)
             Began as a Deep Elf Gladiator on May 12, 2020.
             Succumbed to an adder's poison
             ... on level 4 of the Dungeon.
             The game lasted 00:02:27 (581 turns).

Amnesiac the Twirler (Deep Elf Gladiator)            Turns: 581, Time: 00:02:27

Health: 0/26       AC:  6    Str: 12    XL:     4   Next: 34%
Magic:  6/6        EV: 12    Int: 13    God:
Gold:   9          SH:  0    Dex: 16    Spells: 3/3 levels left

rFire    . . .     SeeInvis .   a - +0 quarterstaff
rCold    . . .     Gourm    .   (shield currently unavailable)
rNeg     . . .     Faith    .   e - +0 ring mail
rPois    .         Spirit   .   c - +0 helmet
rElec    .         Reflect  .   (no cloak)
rCorr    +         Harm     .   (no gloves)
MR       .....                  (no boots)
Stlth    ++........             (no amulet)
HPRegen  0.08/turn              b - ring of resist corrosion
MPRegen  0.10/turn              l - ring of stealth

@: mighty, lethally poisoned (0 -> -5), very slightly contaminated, invisible
A: no striking features
a: no special abilities


You were on level 4 of the Dungeon.
You were not hungry.

You visited 1 branch of the dungeon, and saw 4 of its levels.

You collected 9 gold pieces.

Inventory:

Hand Weapons
 a - a +0 quarterstaff (weapon)
Missiles
 d - a throwing net (quivered)
 h - 15 arrows
Armour
 c - a +0 helmet (worn)
 e - a +0 ring mail (worn)
Jewellery
 b - a ring of resist corrosion (left hand)
 l - a ring of stealth (right hand)
Scrolls
 i - a scroll of noise {!r, unknown}
Potions
 g - a potion of might {!q}
Comestibles
 f - 3 rations
 k - a chunk of flesh


   Skills:
 + Level 1.7 Fighting
 - Level 4.6 Staves
 - Level 2.0 Throwing
 - Level 1.5 Armour
 - Level 3.6 Dodging


You had 3 spell levels left.
You didn't know any spells.
Your spell library was empty.

Dungeon Overview and Level Annotations

Branches:
Dungeon (4/15)
 Temple: D:4-7

Altars:


Message History

The howler monkey is heavily wounded.
The howler monkey hits you but does no damage.
You hit the howler monkey.
The howler monkey is severely wounded.
The howler monkey hits you but does no damage.
The howler monkey hoots and howls with incredible vigour!
You hear an angry hiss.
You thump the howler monkey!
The howler monkey is almost dead.
The howler monkey closely misses you.
You closely miss the howler monkey.
The howler monkey is almost dead.
The howler monkey completely misses you.
You sock the howler monkey!
You kill the howler monkey!
Training target 1.5 for Armour reached!
You have reached level 4!
You feel clever.
A howler monkey comes into view.
The hound barely misses you.
An adder comes into view.
You miss the hound. The hound bites you.
The hound bites you but does no damage.
You closely miss the hound. The hound closely misses you.
You closely miss the hound. The hound closely misses you.
The hound barely misses you. The hound bites you but does no damage.
An orc priest comes into view. It is wielding a +0 short sword.
The hound barely misses you. The hound barely misses you. The adder bites you.
The hound bites you but does no damage. The adder bites you but does no damage.
The howler monkey hoots and howls with incredible vigour!
The orc priest shouts!
You hear a shout!
You hear a bark! x2
Found a stone staircase leading down.
The orc priest mumbles some strange prayers to Beogh against you.
Beogh smites you!
* * * LOW HITPOINT WARNING * * *
The howler monkey hoots and howls with incredible vigour!
The adder bites you.
* * * LOW HITPOINT WARNING * * *
You are lethally poisoned!
The adder poisons you!
You hear a bark!
Found 28 stones.
* * * LOW HITPOINT WARNING * * *
You feel sick.
* * * LOW HITPOINT WARNING * * *
You feel sick.
Really quaff
g - 2 silvery potions {!q}?
It was a potion of might {!q}.
You feel very mighty all of a sudden. The adder barely misses you.
The adder bites you but does no damage.
Really quaff
j - a red potion {!q}?
It was a potion of invisibility {!q}.
You fade into invisibility!
The hound bites you.
* * * LOW HITPOINT WARNING * * *
The adder bites you but does no damage.
You are very lightly contaminated with residual magic.
Unknown command.
You sock the adder!
You kill the adder!
You die...

#..# ##..# .(.. #...
#..# #..# #.(# # #######
#.@#.####
#.....######.h.>.....
####.#...o.h..h....#####
...<...#.######.##.#
####.###.# #.# .#
#.....# #.. .. #######
#### .. ###


You could see a howler monkey and a hound.

Vanquished Creatures
  A howler monkey (D:4)
  3 adders
  7 giant cockroaches (D:2)
  3 hobgoblins (D:2)
  4 jackals (D:3)
  2 bats (D:2)
  A frilled lizard (D:3)
  3 rats
24 creatures vanquished.

Notes
Turn   | Place    | Note
-------+----------+-------------------------------------------
     0 | D:1      | Amnesiac the Deep Elf Gladiator began the quest for the
                  | Orb.
     0 | D:1      | Reached XP level 1. HP: 12/12 MP: 3/3
    65 | D:2      | Reached XP level 2. HP: 12/16 MP: 4/4
   125 | D:2      | Reached skill level 1 in Armour
   182 | D:1      | You fall into a shaft and drop 1 floor!
   471 | D:3      | Reached XP level 3. HP: 16/20 MP: 5/5
   513 | D:3      | Reached skill level 4 in Staves
   540 | D:3      | Noticed a scorpion
   561 | D:4      | Reached XP level 4. HP: 19/25 MP: 6/6
   580 | D:4      | HP: 1/25 [hound (3)]
   581 | D:4      | Succumbed to an adder's poison

Illustrated notes

Levels and vault maps discovered:
D:1:      minmay_arrival_jagged, layout_basic
D:2:      minmay_roachtagon, layout_basic, serial_bayou_ford_a
D:3:      layout_basic, portal_sewer_entry_b, kennysheep_generic_room_10
D:4:      layout_loops_ring, nicolae_overflow_crystal_walls, first_ration,
          uniq_menkaure

Skill      XL: |  1  2  3 |
---------------+----------+-----
Armour         | 1 |  1.5
Staves         | 4 |  4.6
Fighting       | |  1.7
Throwing       | |  2.0
Dodging        | |  3.6

Action                   |  1- 3 |  4- 6 || total
-------------------------+-------+-------++-------
Melee: Quarterstaff      |    71 |     4 ||    75
Throw: Throwing net      |     8 |       ||     8
  Use: Potion            |       |     2 ||     2
Armor: Ring mail         |    30 |     6 ||    36
Dodge: Dodged            |    52 |     7 ||    59

Table legend:
 A = Non-vault XP
 B = Vault XP
 C = Vault XP percentage of total XP
 D = Non-vault monster count
 E = Vault monster count
 F = Vault count percentage of total count
                 A         B        C        D         E       F
            +---------+---------+-------+---------+---------+-------
      Total |     117 |      14 |  10.7 |      17 |       7 |  29.2
            +---------+---------+-------+---------+---------+-------
        D:2 |      22 |      14 |  38.9 |       7 |       7 |  50.0
        D:3 |      24 |       0 |   0.0 |       8 |       0 |   0.0
        D:4 |      71 |       0 |   0.0 |       2 |       0 |   0.0
            +---------+---------+-------+---------+---------+-------
